 Dungeon Crawl Stone Soup version 0.30.1-11-g7821555f0a (webtiles) character file.

Game seed: 4853034364766311005

1975 Okkudo the Cleaver (level 9, -3/71 HPs)
             Began as a Hill Orc Monk on Dec 6, 2023.
             Was a Priest of Beogh.
             Slain by a gnoll sergeant
             ... wielding a +6 trident of protection
              (10 damage)
             ... on level 6 of the Dungeon.
             The game lasted 00:29:50 (6232 turns).

Okkudo the Cleaver (Hill Orc Monk)                  Turns: 6232, Time: 00:29:51

Health: -3/71      AC: 17    Str: 18    XL:     9   Next: 20%
Magic:  9/9        EV:  3    Int: 10    God:    Beogh [***...]
Gold:   304        SH:  0    Dex: 13    Spells: 8/8 levels left

rFire   . . .        a - +0 hand axe
rCold   . . .        f - +0 tower shield
rNeg    . . .        p - +0 plate armour
rPois   +            (no helmet)
rElec   .            y - +0 cloak
rCorr   .            (no gloves)
SInv    .            (no boots)
Will    .....        c - amulet of regeneration Stlth
                     m - ring of poison resistance
HPRegen 1.11/turn    B - +4 ring of protection
MPRegen 0.11/turn

%: no passive effects
@: confused, ambrosia-drunk
A: no striking features
a: Renounce Religion, Smiting


You were on level 6 of the Dungeon.
You worshipped Beogh.
Beogh was most pleased with you.
You visited 1 branch of the dungeon, and saw 8 of its levels.

You collected 304 gold pieces.

Inventory:

Hand Weapons
 a - a +0 hand axe (weapon)
 j - a +0 trident
 E - a +0 scythe
Missiles
 k - a curare-tipped dart (quivered)
 x - 9 poisoned darts
Armour
 f - a +0 tower shield (worn)
 p - a +0 plate armour (worn)
 s - a +1 ring mail of fire resistance
 y - a +0 cloak (worn)
Jewellery
 c - an amulet of regeneration (around neck)
 m - a ring of poison resistance (left hand)
 A - a ring of positive energy
 B - a +4 ring of protection (right hand)
 C - a ring of see invisible
Scrolls
 b - a scroll of poison
 g - a scroll of magic mapping
 l - a scroll of fog {unknown}
 o - 2 scrolls of teleportation
 r - a scroll of vulnerability {unknown}
 t - a scroll of fear
 u - a scroll of brand weapon {unknown}
 w - a scroll of blinking
 z - a scroll of noise {unknown}
 D - a scroll of enchant armour {unknown}
Potions
 d - a potion of invisibility {unknown}
 e - 3 potions of haste
 h - 2 potions of curing {unknown}
 i - 2 potions of degeneration
 n - 3 potions of brilliance
 q - 2 potions of lignification {unknown}


   Skills:
 - Level 3.8 Fighting
 * Level 11.7 Axes
 + Level 5.8 Armour
 - Level 2.5 Dodging
 + Level 6.2 Shields


You had 8 spell levels left.
You didn't know any spells.
Your spell library contained the following spells:

 Spells                   Type           Power      Damage    Failure   Level
 Vhi's Electric Charge    Tloc/Air       0%         N/A       100%        3
 Arcjolt                  Conj/Air       0%         1d10      100%        5
 Maxwell's Capacitive Co  Air            0%         ∞         100%        8


Dungeon Overview and Level Annotations

Branches:
Dungeon (8/15)             Temple (0/1) D:5
   Lair: D:8-11

Altars:
Fedhas
Gozag
Nemelex Xobeh
Sif Muna
Uskayaw
The Shining One

Portals:
Bailey: D:8

Annotations:
D:3 3 runed translucent doors, Tang's ghost, amateur FoVM; hawkwood's ghost, amateur DgAr; middlethird's ghost, weakling VSTm; ritesign's ghost, amateur HuMo
D:5 2 transporters, Qelan's ghost, novice DjHW


Message History

Your orc wizard hits the gnoll with a +0 dagger of holy wrath.
The gnoll barely misses you.
The gnoll sergeant hits you with a +6 trident of protection!
You block the gnoll's attack. The gnoll hits you but does no damage.
You slash the gnoll sergeant!
The gnoll sergeant is moderately wounded.
You hit the gnoll but do no damage. You barely miss the gnoll.
You closely miss the gnoll. The gnoll hits you but does no damage.
The gnoll hits you with a +0 club.
* * * LOW HITPOINT WARNING * * *
You block the gnoll sergeant's attack. The gnoll hits you with a +0 spear!
* * * LOW HITPOINT WARNING * * *
You block the gnoll's attack.
Your orc wizard gestures at the gnoll sergeant while chanting.
The gnoll sergeant appears confused.
You are confused.
You feel invigorated. The gnoll hits you with a +0 spear!
* * * LOW HITPOINT WARNING * * *
The gnoll hits you but does no damage. x2
The gnoll hits you from afar with a +0 halberd.
* * * LOW HITPOINT WARNING * * *
You are too confused!
Are you sure you want to stumble around while confused and next to your ally the orc wizard?
This could place you under penance! [Y]es or [N]o only, please.
Are you sure you want to stumble around while confused and next to your ally the orc wizard?
This could place you under penance!
Okay, then.
The gnoll hits you with a +0 spear.
* * * LOW HITPOINT WARNING * * *
The gnoll hits you but does no damage.
The gnoll sergeant hits you with a +6 trident of protection.
* * * LOW HITPOINT WARNING * * *
The gnoll hits you with a +0 spear.
* * * LOW HITPOINT WARNING * * *
The gnoll hits you from afar with a +0 halberd.
* * * LOW HITPOINT WARNING * * *
Your orc wizard hits the gnoll sergeant but does no damage.
The gnoll hits you with a +0 spear.
* * * LOW HITPOINT WARNING * * *
The gnoll sergeant hits you with a +6 trident of protection!
You die...

#....####....#######'#......)##
....... #######.........#####))
......... #.........#...)..
......... #.........#....))
......... #.........#......
#....###+##....[. .#####+#....#
#...... .......o.)..# ##...##
.....gg@g...# #####
......gg....# ............#
............# .....########
..... .... ....


You could see a gnoll sergeant (confused, ally target), 4 gnolls and a friendly
orc wizard (invisible).

Vanquished Creatures
  Sigmund (D:6)
  Eustachio (D:4)
  A water moccasin (D:3)
  A black bear (D:5)
  2 sky beasts (D:7)
  A centaur (D:7)
  3 ogres
  A phantom (D:6)
  2 kobold brigands
  2 scorpions
  2 howler monkeys (D:5)
  3 hounds
  2 jellies (D:6)
  An orc priest (D:5)
  3 iguanas
  A sleepcap (D:5)
  4 orc wizards
  3 gnolls
  5 adders
  A white imp (D:5)
  An ufetubus (D:7)
  A worm (D:4)
  2 dart slugs
  15 orcs
  7 ball pythons
  2 bats
  6 endoplasms
  6 giant cockroaches
  8 goblins
  14 hobgoblins
  5 jackals
  5 quokkas
  4 frilled lizards
  14 kobolds
  2 rats
132 creatures vanquished.

Vanquished Creatures (collateral kills)
  A steam dragon (D:6)
  An orc wizard (D:5)
  A gnoll (D:6)
  A white imp (D:5)
  An orc (D:5)
  2 hobgoblins (D:6)
7 creatures vanquished.

Vanquished Creatures (others)
  An orc wizard (D:6)
  An orc priest (D:8)
  3 orcs
  2 goblins (D:8)
7 creatures vanquished.

Grand Total: 146 creatures vanquished

Notes
Turn   | Place    | Note
-------+----------+-------------------------------------------
     0 | D:1      | Okkudo the Hill Orc Monk began the quest for the Orb.
     0 | D:1      | Reached XP level 1. HP: 19/19 MP: 1/1
   115 | D:1      | Reached XP level 2. HP: 22/27 MP: 2/2
   371 | D:1      | Reached skill level 1 in Shields
   379 | D:1      | Reached XP level 3. HP: 33/33 MP: 3/3
   536 | D:1      | Reached skill level 5 in Axes
  1270 | D:2      | Reached XP level 4. HP: 16/40 MP: 4/4
  2029 | D:2      | Reached skill level 6 in Axes
  2199 | D:3      | Found a shimmering blue altar of Sif Muna.
  2203 | D:3      | Found a blossoming altar of Fedhas.
  2253 | D:3      | Found an opulent altar of Gozag.
  2253 | D:3      | Found a hide-covered altar of Uskayaw.
  2254 | D:3      | Found a glowing golden altar of the Shining One.
  2262 | D:3      | Noticed a water moccasin
  2280 | D:3      | Killed a water moccasin
  2281 | D:3      | Reached skill level 1 in Armour
  2281 | D:3      | Reached XP level 5. HP: 46/46 MP: 5/5
  2282 | D:3      | Found a runed translucent gate.
  2282 | D:3      | Noticed ritesign's ghost (amateur HuMo)
  2283 | D:3      | Found a runed translucent gate.
  2284 | D:3      | Found a runed translucent gate.
  2284 | D:3      | Noticed Tang's ghost (amateur FoVM)
  2284 | D:3      | Noticed middlethird's ghost (weakling VSTm)
  2284 | D:3      | Noticed hawkwood's ghost (amateur DgAr)
  2426 | D:3      | Found a faded altar of an unknown god.
  2588 | D:3      | Reached skill level 7 in Axes
  2588 | D:3      | Reached XP level 6. HP: 47/52 MP: 6/6
  2909 | D:4      | Noticed Eustachio
  3066 | D:4      | Killed Eustachio
  3067 | D:4      | Reached skill level 8 in Axes
  3067 | D:4      | Reached XP level 7. HP: 39/58 MP: 7/7
  3544 | D:5      | Entered Level 5 of the Dungeon
  3960 | D:5      | You fall into a shaft and drop 3 floors!
  4056 | D:8      | Became a worshipper of Beogh the Brigand
  4056 | D:8      | Reached * piety under Beogh
  4056 | D:8      | Reached ** piety under Beogh
  4061 | D:8      | Found a flagged portal.
  4061 | D:8      | Noticed a hornet
  4166 | D:7      | Reached skill level 9 in Axes
  4290 | D:7      | Reached XP level 8. HP: 66/66 MP: 8/8
  4349 | D:7      | HP: 1/66 [steam dragon/ball of steam (18)]
  4931 | D:6      | Reached skill level 10 in Axes
  4931 | D:6      | Reached skill level 5 in Shields
  4963 | D:6      | Noticed a troll
  4973 | D:6      | Reached *** piety under Beogh
  5112 | D:5      | Found a staircase to the Ecumenical Temple.
  5169 | D:5      | Reached skill level 5 in Armour
  5379 | D:5      | Reached skill level 11 in Axes
  5384 | D:5      | Reached XP level 9. HP: 53/71 MP: 9/9
  5566 | D:5      | Found a transporter.
  5566 | D:5      | Found a transporter.
  5566 | D:5      | Noticed Qelan's ghost (novice DjHW)
  6092 | D:6      | Found a sparkling altar of Nemelex Xobeh.
  6132 | D:6      | Noticed Sigmund
  6173 | D:6      | Killed Sigmund
  6232 | D:6      | Slain by a gnoll sergeant

Illustrated notes

Levels and vault maps discovered:
D:1:      scummos_arrival_simple_fountains, layout_loops_ring
D:2:      layout_basic
D:3:      layout_basic, nicolae_overflow_hidden_temple,
          gammafunk_ghost_cemetery, ebering_ecumenical_altar_rust
D:4:      layout_basic, chequers_serial_rivers_micro_e, st_stairs_14,
          uniq_eustachio
D:5:      layout_loops_ring, temple_pool_b, gammafunk_ghost_mausoleum
D:6:      minmay_clustersquares, layout_gridville, amcnicky_altar_gilded,
          sigmund_army
D:7:      layout_basic, hangedman_misty_isle
D:8:      layout_loops_corners, enter_bailey_5

Skill      XL: |  1  2  3  4  5  6  7  8  9 |
---------------+----------------------------+-----
Shields        | 1 2 3 4 5 6 |  6.2
Axes           | 5 6 7 8 9 11 | 11.7
Armour         | 1 2 3 4 5 |  5.8
Fighting       | |  3.8
Dodging        | |  2.5

Action                     |  1- 3 |  4- 6 |  7- 9 || total
---------------------------+-------+-------+-------++-------
  Melee: Hand axe          |   149 |   295 |   375 ||   819
  Throw: Stone             |       |     4 |     5 ||     9
 Invoke: Convert to Beogh  |       |       |     1 ||     1
    Use: Potion            |     2 |       |     1 ||     3
         Scroll            |       |     4 |     6 ||    10
   Stab: Confused          |       |       |     1 ||     1
 Armour: Robe              |    18 |       |       ||    18
         Leather armour    |    23 |     7 |       ||    30
         Plate armour      |       |   194 |   209 ||   403
  Dodge: Dodged            |    58 |    30 |    33 ||   121
  Block: Tower shield      |    80 |   255 |   259 ||   594
